 Dungeon Crawl Stone Soup version 0.31-a0-1447-g87ca8d402b (webtiles) character file.

Game seed: 10303440149391213631

775 Sonofthefire the Changeling (level 7, -4/49 HPs)
             Began as an Octopode Shapeshifter on Dec 27, 2023.
             Slain by an ice beast (6 damage)
             ... on level 5 of the Dungeon.
             The game lasted 00:08:52 (3975 turns).

Sonofthefire the Changeling (Octopode Shapeshifter) Turns: 3975, Time: 00:08:53

Health: -4/49      AC:  1    Str: 16    XL:     7   Next: 84%
Magic:  7/7        EV: 15    Int: 12    God:
Gold:   231        SH:  0    Dex: 17    Spells: 6/6 levels left

rFire   . .          .
                       - Unarmed
rCold   . . .        (no shield)
rNeg    . . .        (helmet currently unavailable)
rPois   .            (no amulet)
rElec   .            n - +6 ring of dexterity
rCorr   .            (no ring)
SInv    .            (no ring)
Will    .....        (no ring)
Stlth   +++          (no ring)
HPRegen 0.28/turn    (no ring)
MPRegen 0.10/turn    (no ring)
                     (no ring)

%: no passive effects
@: beast-form
A: beast (slay +2), almost no armour, amphibious, 8 rings, camouflage 1,
gelatinous body 1, (nimble swimmer 1), tentacles
a: Begin Untransformation


You were on level 5 of the Dungeon.
You were a hulking beast.
You visited 1 branch of the dungeon, and saw 5 of its levels.

You collected 231 gold pieces.

Inventory:

Jewellery
 n - a +6 ring of dexterity (left tentacle)
Talismans
 b - a beast talisman
 c - a flux talisman
 l - a blade talisman
Wands
 k - a wand of light (11)
Scrolls
 h - a scroll of noise {unknown}
 i - a scroll of teleportation {unknown}
 j - 2 scrolls of immolation {unknown}
 m - a scroll of amnesia {unknown}
 p - a scroll of revelation {unknown}
 q - a scroll of identify {unknown}
 r - a scroll of poison {unknown}
Potions
 a - a potion of lignification
 d - 5 potions of curing
 e - a potion of cancellation {unknown}
 f - a potion of might {unknown}
 g - a potion of haste {unknown}
 o - 2 potions of heal wounds {unknown}
 s - a potion of resistance {unknown}
 t - a potion of enlightenment {unknown}


   Skills:
 + Level 4.9 Fighting
 + Level 4.9 Dodging
 * Level 4.0 Unarmed Combat
 * Level 4.9 Shapeshifting


You had 6 spell levels left.
You didn't know any spells.
Your spell library contained the following spells:

 Spells                   Type           Power      Damage    Failure   Level
 Vhi's Electric Charge    Tloc/Air       0%         N/A       97%         4
 Arcjolt                  Conj/Air       0%         1d10      100%        5
 Maxwell's Capacitive Co  Air            0%         ∞         100%        8


Dungeon Overview and Level Annotations

Branches:
Dungeon (5/15)
 Temple: D:4-7

Altars:


Innate Abilities, Weirdness & Mutations

You are a hulking beast.
Your limbs bulge with bestial killing power. (Slay +2)
You cannot wear most types of armour.
You are amphibious.
You can wear up to eight rings at the same time.
Your skin changes colour to match your surroundings (Stealth+).
Your rubbery body absorbs attacks. (AC +1, EV +1)
((You are camouflaged when in or above water. (Stealth+)))
You have tentacles for arms and can constrict up to eight enemies at once.


Message History

You kill the ball python!
No target in view!
There is a stone staircase leading down here.
You climb downwards.
There is a stone staircase leading up here.
There is an open door here.
There is an open door here.
There is an open door here.
There is a stone staircase leading down here.
You climb downwards.
There is a stone staircase leading up here.
You now have 231 gold pieces (gained 10).
An ice beast comes into view.
An ice beast is nearby!
Found a spear.
The helpless ice beast fails to defend itself.
You tentacle-slap the ice beast. You squeeze the ice beast.
The ice beast is moderately wounded.
The ice beast hits you. The ice beast freezes you!
You are too injured to fight recklessly!
You tentacle-slap the ice beast but do no damage.
Your squeeze misses the ice beast.
The ice beast is moderately wounded.
The ice beast hits you. The ice beast freezes you!
You tentacle-slap the ice beast.
The ice beast is heavily wounded.
The ice beast closely misses you.
You tentacle-slap the ice beast but do no damage.
The ice beast is heavily wounded.
The ice beast closely misses you.
You tentacle-slap the ice beast but do no damage.
The ice beast is heavily wounded.
The ice beast hits you. The ice beast freezes you!
* * * LOW HITPOINT WARNING * * *
You tentacle-slap the ice beast.
The ice beast is severely wounded.
The ice beast hits you.
* * * LOW HITPOINT WARNING * * *
The ice beast freezes you.
You die...

#. #.### #.#). .
# .#.# .. .
#.##... .# ..
....# .# ...
#.####.Y##.#
.......h#..####.#
#.####...!......
#.........####
#.#####.#...... #
#.#.....#
#.#.....##
#.#...... #
#.#../..###.#
#.#.........#


You could see an ice beast.

Vanquished Creatures
  Sigmund (D:3)
  A water moccasin (D:5)
  A phantom (D:4)
  A howler monkey (D:4)
  2 bombardier beetles (D:4)
  2 hounds
  A gnoll bouda (D:5)
  2 iguanas (D:5)
  Natasha (D:3)
  An orc wizard (D:4)
  2 adders
  A gnoll (D:5)
  A shadow imp (D:5)
  3 worms
  2 dart slugs
  6 orcs
  A bat (D:1)
  10 endoplasms
  2 giant cockroaches
  9 goblins
  9 hobgoblins
  7 jackals (D:1)
  7 quokkas
  7 ball pythons
  3 frilled lizards
  8 kobolds
  4 rats
95 creatures vanquished.

Notes
Turn   | Place    | Note
-------+----------+-------------------------------------------
     0 | D:1      | Sonofthefire the Octopode Shapeshifter began the quest for
                  | the Orb.
     0 | D:1      | Reached XP level 1. HP: 13/13 MP: 1/1
    77 | D:1      | Reached XP level 2. HP: 19/19 MP: 2/2
   227 | D:1      | Reached XP level 3. HP: 5/25 MP: 3/3
   583 | D:1      | Found a faded altar of an unknown god.
  1311 | D:2      | Reached XP level 4. HP: 26/31 MP: 4/4
  1877 | D:3      | Noticed Natasha
  1885 | D:3      | Killed Natasha
  1917 | D:3      | Reached XP level 5. HP: 27/36 MP: 5/5
  2059 | D:3      | Noticed Sigmund
  2067 | D:3      | Killed Sigmund
  2068 | D:3      | Reached XP level 6. HP: 28/43 MP: 6/6
  2661 | D:4      | Reached XP level 7. HP: 48/49 MP: 7/7
  3192 | D:5      | Entered Level 5 of the Dungeon
  3975 | D:5      | HP: 2/49 [ice beast (5)]
  3975 | D:5      | Slain by an ice beast

Illustrated notes

Levels and vault maps discovered:
D:1:      grunt_arrival_crossed_arrows, layout_rooms, basic_ecumenical_altar
D:2:      layout_rooms, serial_bayou_crossing
D:3:      layout_rooms, st_stairs_14, hangedman_glass_teeth,
          nrook_mini_backslash, grunt_decor_clamped, minmay_misc_feat_rugged,
          uniq_sigmund, uniq_natasha
D:4:      layout_basic, bh_walls_and_bars
D:5:      layout_basic, doesnt_shop_hydraphobe

Skill      XL: |  1  2  3  4  5  6  7 |
---------------+----------------------+-----
Fighting       | 2 3 4 |  4.9
Dodging        | 3 4 |  4.9
Shapeshifting  | 4 |  4.9
Unarmed Combat | 4 |  4.0

Action                     |  1- 3 |  4- 6 |  7- 9 || total
---------------------------+-------+-------+-------++-------
  Melee: Unarmed           |    81 |    71 |    55 ||   207
         Constrict         |    21 |    20 |    13 ||    54
         Tentacles         |    20 |    18 |    15 ||    53
         Punch             |     1 |     2 |     5 ||     8
    Use: Potion            |       |       |     1 ||     1
   Stab: Sleeping          |     6 |     6 |     3 ||    15
         Distracted        |       |       |     1 ||     1
 Armour: Skin              |    36 |    25 |    22 ||    83
  Dodge: Dodged            |    52 |    37 |    21 ||   110

Table legend: (Time is in decaauts)
 A = Elapsed time spent in this place.
 B = Non-inter-level travel time spent in this place.
 C = Inter-level travel time spent in this place.
 D = Time resting spent in this place.
 E = Time spent auto-exploring this place.
 F = Levels seen in this place.
 G = Mean time per level.
                   A        B        C        D        E       F      G
               +--------+--------+--------+--------+--------+-----+--------+
         Total |   3966 |   3726 |    240 |   1280 |   1734 |   5 |  793.2 |
       Dungeon |   3966 |   3726 |    240 |   1280 |   1734 |   5 |  793.2 |
               +--------+--------+--------+--------+--------+-----+--------+

Top non-repeatable levels by time:
     D:4: 1227 daAuts
     D:2: 915 daAuts
     D:1: 709 daAuts
     D:3: 683 daAuts
     D:5: 430 daAuts
